 Dungeon Crawl Stone Soup version 0.22.0-6-g71bd7aa (webtiles) character file.

479 zake1313 the Ruffian (level 6, 61/61 HPs)
             Began as a Troll Berserker on Aug 15, 2018.
             Was a Priest of Trog.
             Starved to death
             ... on level 4 of the Dungeon.
             The game lasted 00:33:54 (3968 turns).

zake1313 the Ruffian (Troll Berserker)              Turns: 3968, Time: 00:33:54

Health: 61/61      AC:  5    Str: 32    XL:     6   Next: 86%
Magic:  5/5        EV: 11    Int:  4    God:    Trog [***...]
Gold:   254        SH:  0    Dex:  9    Spells: 5/5 levels left

rFire    . . .     SeeInvis .     - Unarmed
rCold    . . .     Gourm    +   (no shield)
rNeg     . . .     Faith    .   a - +0 animal skin
rPois    .         Spirit   +   (helmet restricted)
rElec    .         Reflect  .   (no cloak)
rCorr    .         Harm     .   (gloves unavailable)
MR       +....                  (boots unavailable)
Stlth    +.........             r - amulet of guardian spirit
HPRegen  0.60/turn              f - ring of protection from magic
MPRegen  0.09/turn              c - +5 ring of strength

@: fainting
A: large, unfitting armour, claws 3, fast metabolism 3, gourmand, regeneration
1, shaggy fur 1, tough skin 2
a: Berserk, Trog's Hand, Renounce Religion


You were on level 4 of the Dungeon.
You worshipped Trog.
Trog was most pleased with you.
You were fainting.

You visited 1 branch of the dungeon, and saw 4 of its levels.

You collected 254 gold pieces.

Inventory:

Hand Weapons
 d - a +1 mace
 n - a +0 trident
Armour
 a - a +0 animal skin (worn)
Jewellery
 b - a cursed ring of attention {unknown}
 c - a +5 ring of strength (right claw)
 f - a ring of protection from magic (left claw)
 j - an uncursed amulet of inaccuracy
 o - an uncursed ring of flight {unknown}
 r - an amulet of guardian spirit (around neck)
 y - an uncursed ring of resist corrosion
 C - the cursed ring "Sibly" {MR+ Dex-2 Stlth+, unknown}
   (You found it on level 4 of the Dungeon)

   [ring of dexterity]

   It affects your dexterity (-2).
   It affects your resistance to hostile enchantments.
   It makes you more stealthy.
   It has a curse placed upon it.
Wands
 e - a wand of disintegration (14)
 z - a wand of flame (16)
Scrolls
 k - a scroll of random uselessness
 l - 2 scrolls of fear
 m - a scroll of teleportation
 p - a scroll of fog
 q - 2 scrolls of blinking
 u - a scroll of magic mapping
 x - a scroll of amnesia {unknown}
 A - a scroll of remove curse
Potions
 g - a potion of resistance
 h - a potion of invisibility
 i - a potion of degeneration {unknown}
 s - a potion of brilliance {unknown}
 t - a potion of mutation {unknown}
 v - a potion of ambrosia {unknown}
 w - a potion of lignification {unknown}
 D - a potion of agility {unknown}


   Skills:
 + Level 3.5 Fighting
 + Level 2.4 Maces & Flails
 + Level 4.1 Dodging
 + Level 0.4 Stealth
 + Level 4.8 Unarmed Combat


You had 5 spell levels left.
You didn't know any spells.
Your spell library was empty.

Dungeon Overview and Level Annotations

Branches:
Dungeon (4/15)
 Temple: D:4-7

Altars:
Ashenzari
Elyvilon
Hepliaklqana
Wu Jian
The Shining One

Annotations:
D:3 1 runed door, TAS2012's ghost, weakling DEAK


Innate Abilities, Weirdness & Mutations

You are too large for most types of armour.
You have claws for hands.
Your metabolism is lightning-fast.
You like to eat raw meat.
Your natural rate of healing is unusually fast.
You are covered in fur. (AC +1)
You have very tough skin. (AC +2)


Message History

The phantom misses you.
You closely miss the phantom.
The phantom is severely damaged.
You claw the phantom!
You destroy the phantom!
Trog accepts your kill.
You see here 22 stones.
Found 17 stones.
You see here 17 stones.
Found a crude iron ring.
C - a crude iron ring
As you read the scroll of identify, it crumbles to dust.
q - 2 scrolls of blinking You aren't carrying any food.
You are near starving!
You see here 22 stones.
You are starving!
You are fainting from starvation!
You have starved to death.
You die...

#..##### ##### ## ###....# .#
...#. ##. ##...# .# ####...##..
##.## .##........... # ##.##
#............†. ### ###...#
###......####..... ..####.....#
###.....## #.....
#..........###........# ##...>
###...###.......@...#..# #....
##..## ##..........##.### #....
#...## ##...............###....
#....# #.........#...#..##...#
##....## #.........≈≈≈≈≈.......#
#......####.......#≈≈≈≈≈≈≈#......
#..#....##.........≈≈≈≈≈≈≈≈......
#..#.>.............≈≈≈.≈≈≈...##..
..##........##.....≈≈≈≈≈≈≈..####.


There were no monsters in sight!

Vanquished Creatures
  2 phantoms (D:4)
  A scorpion (D:3)
  An iguana (D:4)
  4 worker ants (D:4)
  5 adders
  An ooze (D:2)
  3 worms
  2 dart slugs
  5 leopard geckos
  A ball python (D:4)
  4 giant cockroaches
  6 goblins
  4 hobgoblins
  7 jackals
  8 kobolds
  2 quokkas (D:4)
  8 bats
  4 frilled lizards
  A quokka skeleton (D:4)
  11 rats
80 creatures vanquished.

Notes
Turn   | Place    | Note
-------+----------+-------------------------------------------
     0 | D:1      | zake1313 the Troll Berserker began the quest for the Orb.
     0 | D:1      | Reached XP level 1. HP: 22/22 MP: 0/0
   123 | D:1      | Reached XP level 2. HP: 29/29 MP: 1/1
   757 | D:2      | Reached XP level 3. HP: 24/36 MP: 2/2
   765 | D:2      | Reached ** piety under Trog
   890 | D:2      | Reached skill level 1 in Maces & Flails
  1033 | D:2      | Found a glowing golden altar of the Shining One.
  1033 | D:2      | Found a shattered altar of Ashenzari.
  1145 | D:2      | Reached XP level 4. HP: 13/45 MP: 3/3
  1780 | D:3      | Found a runed door.
  1781 | D:3      | Noticed TAS2012's ghost (weakling DEAK)
  2061 | D:3      | Found a hazy altar of Hepliaklqana.
  2249 | D:3      | Reached XP level 5. HP: 47/53 MP: 4/4
  2502 | D:3      | Found an ornate altar of the Wu Jian Council.
  2981 | D:4      | Found a glowing drain.
  3061 | D:4      | Reached *** piety under Trog
  3124 | D:4      | Noticed a phantom
  3143 | D:4      | Killed a phantom
  3143 | D:4      | Reached XP level 6. HP: 48/61 MP: 5/5
  3651 | D:4      | Found a white marble altar of Elyvilon.
  3779 | D:4      | Got a crude iron ring
  3968 | D:4      | Starved to death

Skill      XL: |  1  2  3  4  5  6 |
---------------+-------------------+-----
Fighting       | 3 |  3.5
Dodging        | 3 4 |  4.1
Maces & Flails | 1 2 |  2.4
Unarmed Combat | 4 |  4.8
Stealth        | |  0.4

Action                   |  1- 3 |  4- 6 || total
-------------------------+-------+-------++-------
Melee: Mace              |    71 |    33 ||   104
       Unarmed           |    65 |    92 ||   157
       Punch             |       |     2 ||     2
  Use: Scroll            |     1 |    10 ||    11
       Potion            |     1 |       ||     1
  Eat: Ration            |     2 |     5 ||     7
       Chunk             |       |     7 ||     7
Armor: Animal skin       |    94 |    44 ||   138
Dodge: Dodged            |   141 |    66 ||   207
